 Dungeon Crawl Stone Soup version 0.28.0-43-g3370ac3207 (webtiles) character file.

Game seed: 14404762235760696149

2888 adizb the Blocker (level 9, -4/74 HPs)
             Began as a Gnoll Fighter on Mar 6, 2022.
             Was an Initiate of Sif Muna.
             Slain by Maggie
             ... wielding a +2 long sword of flaming
              (12 damage)
             ... on level 6 of the Dungeon.
             The game lasted 00:34:28 (5057 turns).

adizb the Blocker (Gnoll Fighter)                   Turns: 5057, Time: 00:34:29

Health: -4/74      AC:  5    Str: 16    XL:     9   Next: 77%
Magic:  15/15      EV: 12    Int: 11    God:    Sif Muna [......]
Gold:   284        SH:  6    Dex: 12    Spells: 16/17 levels left

rFire   . . .      SeeInvis +   H - +0 dagger (venom)
rCold   . . .      Faith    .   c - +0 buckler
rNeg    . . .      Spirit   .   h - +0 troll leather armour
rPois   .          Reflect  .   (no helmet)
rElec   .          Harm     .   (no cloak)
rCorr   .          Rampage  .   (no gloves)
Will    .....                   (no boots)
Stlth   ++........              (no amulet)
HPRegen 1.02/turn               n - +4 ring of slaying
MPRegen 0.14/turn               D - ring of see invisible

@: mighty, mesmerised
A: fangs 1, strong nose, distributed training
a: Renounce Religion


You were on level 6 of the Dungeon.
You worshipped Sif Muna.
Sif Muna was noncommittal.
You visited 1 branch of the dungeon, and saw 6 of its levels.
You also visited: Sewer.

You collected 284 gold pieces.

Inventory:

Hand Weapons
 a - a +0 rapier
 r - a +0 hunting sling
 t - a +1 dagger of holy wrath
 H - a +0 dagger of venom (weapon)
 I - a +0 shortbow
Missiles
 p - 77 arrows
 q - 86 bolts
 A - 16 sling bullets
Armour
 b - a +0 scale mail
 c - a +0 buckler (worn)
 h - a +0 troll leather armour (worn)
 G - a +0 helmet
Magical Staves
 g - a staff of poison
 C - a staff of earth
Jewellery
 n - a +4 ring of slaying (left hand)
 y - a ring of protection from cold
 D - a ring of see invisible (right hand)
Wands
 v - a wand of paralysis (1) (quivered)
Scrolls
 e - 3 scrolls of teleportation
 f - a scroll of blinking
 i - a scroll of fear
 j - a scroll of amnesia
 l - a scroll of fog
 m - a scroll of enchant weapon {unknown}
 u - a scroll of torment {unknown}
 w - a scroll of silence {unknown}
 z - a scroll of summoning {unknown}
 F - a scroll of identify
Potions
 d - a potion of might
 k - 3 potions of lignification
 o - a potion of degeneration {unknown}
 s - 3 potions of haste
 x - a potion of invisibility {unknown}
 B - a potion of attraction {unknown}
 E - 2 potions of curing {unknown}


   Skills:
 + Level 8.1 Fighting
 + Level 6.5 Short Blades
 + Level 4.5 Long Blades
 + Level 4.5 Axes
 + Level 4.5 Maces & Flails
 + Level 4.5 Polearms
 + Level 4.5 Staves
 + Level 4.5 Slings
 + Level 4.5 Bows
 + Level 4.5 Crossbows
 + Level 4.5 Throwing
 + Level 8.1 Armour
 + Level 4.5 Dodging
 + Level 4.5 Stealth
 + Level 8.1 Shields
 + Level 4.5 Unarmed Combat
 + Level 4.5 Spellcasting
 + Level 3.7 Conjurations
 + Level 3.7 Hexes
 + Level 3.7 Summonings
 + Level 3.7 Necromancy
 + Level 3.7 Translocations
 + Level 3.7 Transmutations
 + Level 3.7 Fire Magic
 + Level 3.7 Ice Magic
 + Level 3.7 Air Magic
 + Level 3.7 Earth Magic
 + Level 3.7 Poison Magic
 + Level 5.0 Invocations
 + Level 4.5 Evocations


You had 16 spell levels left.
You knew the following spells:

 Your Spells              Type           Power      Damage    Failure   Level
a - Magic Dart            Conj           40%        1d5       7%          1

Your spell library contained the following spells:

 Spells                   Type           Power      Damage    Failure   Level
 Call Imp                 Summ           10%        N/A       11%         2
 Conjure Flame            Conj/Fire      10%        6-21      21%         3
 Ignite Poison            Fire/Tmut/Pois 10%        N/A       21%         3
 Mephitic Cloud           Conj/Pois/Air  10%        N/A       21%         3
 Sticky Flame             Conj/Fire      10%        2d3       56%         4


Dungeon Overview and Level Annotations

Branches:
Dungeon (6/15)              Sewer (visited)
 Temple: D:4-7

Altars:
Ashenzari
Kikubaaqudgha
Makhleb
Sif Muna

Shops:
D:2 !   D:3 *

Annotations:
D:6 Maggie


Innate Abilities, Weirdness & Mutations

You have very sharp teeth.
Your uncanny sense of smell can sniff out nearby items.
Your experience applies equally to all skills.


Message History

You hit Maggie. You bite Maggie, but do no damage.
Maggie is lightly wounded.
You hit Maggie but do no damage.
Maggie is lightly wounded.
Maggie barely misses you.
You hit Maggie.
Maggie is moderately wounded.
Maggie hits you with a +2 long sword of flaming!
Maggie burns you.
Maggie casts a spell.
Maggie attempts to bespell you!
You are mesmerised by Maggie!
You cannot move away from Maggie!
You hit Maggie but do no damage.
Maggie looks as sick as possible!
Maggie is moderately wounded.
Maggie hits you with a +2 long sword of flaming!
Maggie burns you.
* * * LOW HITPOINT WARNING * * *
Okay, then.
You hit Maggie but do no damage.
Maggie is moderately wounded.
You hit Maggie.
Maggie looks as sick as possible!
Maggie is moderately wounded.
Maggie hits you but does no damage.
You barely miss Maggie. You bite Maggie, but do no damage.
Maggie is heavily wounded.
Maggie hits you with a +2 long sword of flaming.
* * * LOW HITPOINT WARNING * * *
Maggie burns you.
* * * LOW HITPOINT WARNING * * *
You hit Maggie.
Maggie is heavily wounded.
Maggie smiles, but it's obviously fake.
Maggie hits you with a +2 long sword of flaming.
* * * LOW HITPOINT WARNING * * *
Maggie burns you.
* * * LOW HITPOINT WARNING * * *
You feel very mighty all of a sudden.
Maggie hits you with a +2 long sword of flaming!
You die...

_.$ #....#..# ##.....
#... ∆ #.##.#.†###..[...
#8.. #.##.#....)..†...
##8# #....#..###......
########....#..# ##.....
...............# ##...#
#####......#.#######.##
#@.....#.........##
....(.#@.......#####....
.###.##.##.##)## #.##.
#..........# #.##.
#.##.##.#..# #.##. #
#.#..#..# #.##.
........######.##.
####.#...[........
#.#..######....
..#............


You could see Maggie (mesmerising, extremely poisoned).

Vanquished Creatures
  A troll (D:5)
  Grinder (D:6)
  A shadow (D:6)
  A steam dragon (D:6)
  Eustachio (D:4)
  The ghost of llamasofponies the Chopper, an amateur HOCA of Ignis (D:4)
  2 necrophages (D:5)
  2 ogres
  A centaur (D:6)
  A phantom (D:5)
  3 kobold brigands (Sewer)
  A bullfrog (D:6)
  Blork the orc (D:4)
  3 water moccasin zombies (D:5)
  3 scorpions
  A water moccasin skeleton (D:5)
  A howler monkey (D:6)
  5 bullfrog zombies
  A hound (D:5)
  An orc priest (D:5)
  A centaur skeleton (D:4)
  A human zombie (D:5)
  An iguana (D:4)
  A hound zombie (D:5)
  A mummy (D:5)
  A howler monkey zombie (D:5)
  4 gnolls (D:5)
  4 river rats (Sewer)
  11 adders
  A shadow imp (D:6)
  A white imp (D:5)
  An adder zombie (D:5)
  2 adder skeletons
  2 worms (D:4)
  3 dart slugs
  11 orcs
  6 ball pythons
  8 endoplasms
  2 giant cockroaches
  8 goblins
  8 hobgoblins
  11 jackals
  6 quokkas
  6 bats
  4 frilled lizards
  23 kobolds
  28 rats
188 creatures vanquished.

Vanquished Creatures (others)
  A butterfly (D:6)
1 creature vanquished.

Grand Total: 189 creatures vanquished

Notes
Turn   | Place    | Note
-------+----------+-------------------------------------------
     0 | D:1      | adizb the Gnoll Fighter began the quest for the Orb.
     0 | D:1      | Reached XP level 1. HP: 23/23 MP: 1/1
    65 | D:1      | Reached XP level 2. HP: 25/29 MP: 2/2
   269 | D:1      | Reached XP level 3. HP: 35/35 MP: 3/3
   601 | D:2      | Reached skill level 1 in Invocations
   787 | D:2      | Found Lasi's Distillery.
   883 | D:2      | Reached skill level 1 in Long Blades
   883 | D:2      | Reached skill level 1 in Axes
   883 | D:2      | Reached skill level 1 in Maces & Flails
   883 | D:2      | Reached skill level 1 in Polearms
   883 | D:2      | Reached skill level 1 in Staves
   883 | D:2      | Reached skill level 1 in Slings
   883 | D:2      | Reached skill level 1 in Bows
   883 | D:2      | Reached skill level 1 in Crossbows
   883 | D:2      | Reached skill level 1 in Throwing
   883 | D:2      | Reached skill level 1 in Dodging
   883 | D:2      | Reached skill level 1 in Stealth
   883 | D:2      | Reached skill level 1 in Unarmed Combat
   883 | D:2      | Reached skill level 1 in Spellcasting
   883 | D:2      | Reached skill level 1 in Evocations
   883 | D:2      | Reached XP level 4. HP: 41/41 MP: 5/5
  1075 | D:3      | Reached skill level 1 in Conjurations
  1075 | D:3      | Reached skill level 1 in Hexes
  1075 | D:3      | Reached skill level 1 in Summonings
  1075 | D:3      | Reached skill level 1 in Necromancy
  1075 | D:3      | Reached skill level 1 in Translocations
  1075 | D:3      | Reached skill level 1 in Transmutations
  1075 | D:3      | Reached skill level 1 in Fire Magic
  1075 | D:3      | Reached skill level 1 in Ice Magic
  1075 | D:3      | Reached skill level 1 in Air Magic
  1075 | D:3      | Reached skill level 1 in Earth Magic
  1075 | D:3      | Reached skill level 1 in Poison Magic
  1245 | D:3      | Reached XP level 5. HP: 38/47 MP: 5/7
  1361 | D:3      | Found Geyt Wob's Assorted Antiques.
  1823 | D:4      | Noticed Eustachio
  1836 | D:4      | Killed Eustachio
  1837 | D:4      | Reached XP level 6. HP: 34/53 MP: 8/8
  1847 | D:4      | Noticed Edmund
  2003 | D:4      | Found a glowing drain.
  2007 | Sewer    | Entered a sewer
  2068 | Sewer    | Reached skill level 5 in Short Blades
  2147 | Sewer    | Reached XP level 7. HP: 50/59 MP: 10/10
  2636 | D:4      | Found a transporter.
  2636 | D:4      | Noticed llamasofponies's ghost (amateur HOCA)
  2677 | D:4      | Noticed Blork the orc
  2894 | D:4      | Killed Blork the orc
  2992 | D:4      | Found a transporter.
  3201 | D:4      | Killed llamasofponies's ghost
  3202 | D:4      | Reached XP level 8. HP: 44/67 MP: 12/12
  3297 | D:5      | Entered Level 5 of the Dungeon
  3905 | D:5      | Found an ancient bone altar of Kikubaaqudgha.
  3941 | D:5      | Learned a level 1 spell: Magic Dart
  3957 | D:5      | Reached XP level 9. HP: 60/72 MP: 14/14
  4005 | D:5      | Noticed a troll
  4042 | D:5      | Killed a troll
  4402 | D:5      | Found a shimmering blue altar of Sif Muna.
  4403 | D:5      | Found a broken altar of Ashenzari.
  4413 | D:5      | Became a worshipper of Sif Muna the Loreminder
  4739 | D:6      | Noticed Grinder
  4766 | D:6      | Killed Grinder
  4971 | D:6      | Noticed Maggie
  4995 | D:6      | Reached skill level 5 in Invocations
  5040 | D:6      | Found a burning altar of Makhleb.
  5057 | D:6      | Slain by Maggie

Illustrated notes

Levels and vault maps discovered:
D:1:      scummos_arrival_forest, layout_rooms, patterned_corridor
D:2:      layout_basic, serial_shops, shop
D:3:      layout_basic, serial_shops, nicolae_shop_statue_plus,
          minmay_box_of_dots
D:4:      layout_basic, gup_sewer_entry_bowl, gammafunk_ghost_arena,
          uniq_eustachio, uniq_blork_the_orc, uniq_edmund
D:5:      layout_layer_cave, gammafunk_temple_overflow_statue,
          lemuel_mausoleum_altar_kikubaaqudgha, kennysheep_generic_room_5
D:6:      layout_loops_ring, nicolae_overflow_hidden_temple,
          nicolae_elyvilon_peaceful_grove, uniq_grinder, uniq_maggie

Skill      XL: |  1  2  3  4  5  6  7  8  9 |
---------------+----------------------------+-----
Invocations    | 1 2 3 4 5 |  5.0
Long Blades    | 1 2 3 4 |  4.5
Axes           | 1 2 3 4 |  4.5
Maces & Flails | 1 2 3 4 |  4.5
Polearms       | 1 2 3 4 |  4.5
Staves         | 1 2 3 4 |  4.5
Slings         | 1 2 3 4 |  4.5
Bows           | 1 2 3 4 |  4.5
Crossbows      | 1 2 3 4 |  4.5
Throwing       | 1 2 3 4 |  4.5
Dodging        | 1 2 3 4 |  4.5
Stealth        | 1 2 3 4 |  4.5
Unarmed Combat | 1 2 3 4 |  4.5
Spellcasting   | 1 2 3 4 |  4.5
Evocations     | 1 2 3 4 |  4.5
Conjurations   | 1 2 3 |  3.7
Hexes          | 1 2 3 |  3.7
Summonings     | 1 2 3 |  3.7
Necromancy     | 1 2 3 |  3.7
Translocations | 1 2 3 |  3.7
Transmutations | 1 2 3 |  3.7
Fire Magic     | 1 2 3 |  3.7
Ice Magic      | 1 2 3 |  3.7
Air Magic      | 1 2 3 |  3.7
Earth Magic    | 1 2 3 |  3.7
Poison Magic   | 1 2 3 |  3.7
Short Blades   | 5 6 |  6.5
Fighting       | 7 8 |  8.1
Armour         | 7 8 |  8.1
Shields        | 7 8 |  8.1

Action                   |  1- 3 |  4- 6 |  7- 9 || total
-------------------------+-------+-------+-------++-------
Melee: Rapier            |   104 |   130 |    88 ||   322
       Bite              |     8 |    14 |    51 ||    73
       Dagger            |       |       |   235 ||   235
       Staff             |       |       |    66 ||    66
 Fire: Hunting sling     |       |       |    29 ||    29
Throw: Dart              |       |       |     4 ||     4
Evoke: Wand              |       |       |     2 ||     2
  Use: Scroll            |     3 |       |     7 ||    10
       Potion            |       |       |     8 ||     8
 Stab: Paralysed         |       |       |     1 ||     1
       Sleeping          |       |       |     1 ||     1
Armor: Scale mail        |    41 |    58 |    72 ||   171
       Troll leather arm |       |       |    12 ||    12
Dodge: Dodged            |    34 |    70 |   125 ||   229
Block: Buckler           |    22 |    33 |    83 ||   138
